 Dungeon Crawl Stone Soup version 0.32-a0-898-g7811c86cf0 (webtiles) character file.

Game seed: 16529761507655032471

96 DEFE the Chopper (level 4, 0/35 HPs)
             Began as a Coglin Fighter on Apr 4, 2024.
             Slain by an orc
             ... wielding a +0 trident
              (5 damage)
             ... on level 3 of the Dungeon.
             The game lasted 00:01:02 (1753 turns).

DEFE the Chopper (Coglin Fighter)                   Turns: 1753, Time: 00:01:03

Health: 0/35       AC: 11    Str: 18    XL:     4   Next: 67%
Magic:  4/4        EV: -5    Int:  7    God:
Gold:   85         SH:  4    Dex: 14    Spells: 3/3 levels left

rFire   . . .        a - +0 war axe {Noor}
rCold   . . .        c - +0 buckler
rNeg    . . .        o - +0 plate armour
rPois   .            (no helmet)
rElec   .            (no cloak)
rCorr   .            (no gloves)
SInv    +            (no boots)
Will    .....        (amulet unavailable) Stlth
                     (ring unavailable)
HPRegen 0.25/turn    (ring unavailable)
MPRegen 0.09/turn    (no gizmo)

%: no passive effects
@: constricted, revved
A: off-hand wielding, slow wielding, warmup strikes, no jewellery, see invisible
a: Invent Gizmo


You were on level 3 of the Dungeon.
You visited 1 branch of the dungeon, and saw 3 of its levels.

You collected 85 gold pieces.

Inventory:

Hand Weapons
 a - a +0 war axe (weapon) {Noor}
Armour
 b - a +0 scale mail
 c - a +0 buckler (worn)
 o - a +0 plate armour (worn)
Scrolls
 e - a scroll of teleportation {unknown}
 g - a scroll of fog {unknown}
 l - a scroll of brand weapon {unknown}
 n - a scroll of identify {unknown}
Potions
 d - a potion of might
 f - a potion of degeneration {unknown}
 h - a potion of enlightenment {unknown}
 i - a potion of heal wounds {unknown}
 j - a potion of curing {unknown}
 k - a potion of haste {unknown}
 m - a potion of mutation


   Skills:
 - Level 3.0 Fighting
 + Level 4.7 Axes
 - Level 2.6 Armour
 - Level 2.1 Shields


You had 3 spell levels left.
You didn't know any spells.
Your spell library was empty.

Dungeon Overview and Level Annotations

Branches:
Dungeon (3/15)

Altars:

Shops:
D:1 =


Innate Abilities, Weirdness & Mutations

You can wield a second weapon in your off-hand.
It takes a long time for you to wield or remove held weapons.
Your first few attacks do less damage.
You cannot equip rings or amulets.
You have supernaturally acute eyesight. (SInv)


Message History

You are frozen.
The endoplasm freezes you.
You are frozen.
Unknown command.
You are too injured to fight recklessly!
You slash the endoplasm!
You kill the endoplasm!
The ball python bites you. The ball python grabs you.
The ball python constricts you.
Unknown command.
You are too injured to fight recklessly!
You closely miss the ball python. The ball python bites you.
The ball python constricts you. The orc hits you but does no damage.
You are too injured to fight recklessly!
Unknown command.
You barely miss the ball python.
The ball python bites you but does no damage.
The ball python constricts you.
The orc hits you from afar with a +0 trident.
The ball python bites you but does no damage.
The ball python constricts you.
* * * LOW HITPOINT WARNING * * *
The orc hits you from afar with a +0 trident.
* * * LOW HITPOINT WARNING * * *
You are too injured to fight recklessly!
You closely miss the ball python.
The ball python bites you but does no damage.
The ball python constricts you. You block the orc's attack.
The ball python bites you.
* * * LOW HITPOINT WARNING * * *
The ball python constricts you.
* * * LOW HITPOINT WARNING * * *
Unknown command.
It was a potion of mutation.
You feel extremely strange.
Your vision sharpens.
Reactivating autopickup.
The ball python bites you but does no damage.
The ball python constricts you.
The orc hits you from afar with a +0 trident.
You die...

#.# #######.##### .
............# ..
#######.###.# ... #.#
#.# .... #.# #.#
..... #.# #.#
.....o##### ###.# #)#
.....oS@..###...# #.#
.....K###.##..#####.#
..... #>..........#
#### #############


You could see an orc wizard (invisible), an orc, a ball python and a kobold.

Vanquished Creatures
  An orc priest (D:3)
  A gnoll (D:1)
  An adder (D:2)
  2 dart slugs
  An orc (D:3)
  6 ball pythons (D:1)
  7 endoplasms
  A giant cockroach (D:1)
  2 goblins (D:2)
  2 hobgoblins
  3 jackals (D:1)
  3 quokkas
  3 bats
  3 kobolds
  2 rats (D:1)
38 creatures vanquished.

Notes
Turn   | Place    | Note
-------+----------+-------------------------------------------
     0 | D:1      | DEFE the Coglin Fighter began the quest for the Orb.
     0 | D:1      | Reached XP level 1. HP: 18/18 MP: 1/1
     2 | D:1      | Noticed a formicid
     4 | D:1      | Noticed a gargoyle
     4 | D:1      | Noticed a merfolk
     6 | D:1      | Noticed a troll
     6 | D:1      | Noticed a vine stalker
    10 | D:1      | Noticed a dwarf
    10 | D:1      | Noticed a demigod
    12 | D:1      | Noticed a minotaur
    12 | D:1      | Noticed a demonspawn
    14 | D:1      | Noticed a djinni
    16 | D:1      | Noticed an armataur
    16 | D:1      | Noticed a tengu
    18 | D:1      | Noticed an elf
    18 | D:1      | Noticed a felid
    20 | D:1      | Noticed an oni
    20 | D:1      | Noticed a ghoul
    22 | D:1      | Noticed a barachi
    22 | D:1      | Noticed a naga
    24 | D:1      | Noticed a draconian
    24 | D:1      | Noticed an octopode
    26 | D:1      | Noticed a human
    26 | D:1      | Noticed a spriggan
    28 | D:1      | Noticed a vampire
    81 | D:1      | Found Dusomp's Jewellery Boutique.
   174 | D:1      | Reached XP level 2. HP: 24/24 MP: 2/2
   182 | D:1      | Reached skill level 3 in Axes
   342 | D:1      | Reached XP level 3. HP: 13/29 MP: 3/3
  1101 | D:2      | Identified the ring of Oblar {rElec rN+ Str-2 Dex+6}
  1135 | D:2      | Reached skill level 4 in Axes
  1392 | D:2      | Reached XP level 4. HP: 30/35 MP: 4/4
  1753 | D:3      | Gained mutation: You have supernaturally acute eyesight.
                  | (SInv) [potion of mutation]
  1753 | D:3      | Slain by an orc

Illustrated notes

Levels and vault maps discovered:
D:1:      kb_arrival_jail, layout_basic, serial_shops, shop,
          palyth_stone_intersect, nicolae_kite_square_tiling_tiny
D:2:      layout_loops_ring, serial_bayou_pond_d
D:3:      layout_basic, ebering_ecumenical_altar_rust, uniq_jessica

Skill      XL: |  1  2  3 |
---------------+----------+-----
Axes           | 3 4 |  4.7
Fighting       | |  3.0
Armour         | |  2.6
Shields        | |  2.1

Action                     |  1- 3 |  4- 6 || total
---------------------------+-------+-------++-------
  Melee: War axe           |    95 |    18 ||   113
    Use: Potion            |       |     1 ||     1
 Armour: Scale mail        |    94 |     1 ||    95
         Plate armour      |       |    25 ||    25
  Dodge: Dodged            |    51 |       ||    51
  Block: Buckler           |    33 |     5 ||    38

Table legend: (Time is in decaauts)
 A = Elapsed time spent in this place.
 B = Non-inter-level travel time spent in this place.
 C = Inter-level travel time spent in this place.
 D = Time resting spent in this place.
 E = Time spent auto-exploring this place.
 F = Levels seen in this place.
 G = Mean time per level.
                   A        B        C        D        E       F      G
               +--------+--------+--------+--------+--------+-----+--------+
         Total |   1798 |   1711 |     87 |    124 |   1297 |   3 |  599.3 |
       Dungeon |   1798 |   1711 |     87 |    124 |   1297 |   3 |  599.3 |
               +--------+--------+--------+--------+--------+-----+--------+

Top non-repeatable levels by time:
     D:1: 997 daAuts
     D:2: 646 daAuts
     D:3: 154 daAuts
